 Dungeon Crawl Stone Soup version 0.30.1-4-g462c640d31 (webtiles) character file.

Game seed: 724692388667410089

633472 Kurtz the Invulnerable (level 27, -11/151 (190) HPs)
             Began as a Tengu Fighter on Sept 17, 2023.
             Was the Champion of the Shining One.
             Mangled by an iron golem (23 damage)
             ... led by an iron giant
             ... on level 7 of the Iron City of Dis.
             The game lasted 02:48:52 (66675 turns).

Kurtz the Invulnerable (Tengu Fighter)             Turns: 66675, Time: 02:48:55

HP:   -11/151 (190) AC: 39    Str: 29      XL:     27
MP:   29/29         EV: 21    Int:  9      God:    the Shining One [******]
Gold: 130           SH: 34    Dex: 17 (18) Spells: 22/28 levels left

rFire   + + +        T - +8 mithril axe "Arga" {speed, Will+}
rCold   + + +        X - +2 tower shield {AC+3}
rNeg    + + +        Q - +9 crystal plate armour
rPois   +            I - +0 mask of the Dragon {Will+ Slay+3 SInv}
rElec   +            u - scarf {rC+ rF+}
rCorr   +            C - +2 pair of gloves of the Journeyman {-Cast rF+ rC+++ Regen+}
SInv    +            (boots unavailable)
Will    +++++        A - amulet "Hafashug" {rElec Will+ Regen+ Int-3} Stlth
                     t - ring "Sennuss" {rC+ rN+ rCorr Stlth+}
HPRegen 2.05/turn    h - ring "Pisul" {rPois rF+ Will+ Str+6}
MPRegen 0.21/turn

%: no spellcasting
@: divinely shielded, flying quickly and evasively, glowing, heavily drained,
corroded, unable to drink, quick
A: beak, talons 3, nimble flight, fire resistance 1, [cold vulnerability 1],
inability to drink after injury 1[+1]
}: 4/15 runes: serpentine, barnacled, silver, icy
a: Renounce Religion, Divine Shield, Cleansing Flame, Summon Divine Warrior,
Brand Weapon With Holy Wrath


You were on level 7 of the Iron City of Dis.
You worshipped the Shining One.
The Shining One was exalted by your worship.
You visited 13 branches of the dungeon, and saw 57 of its levels.
You visited the Abyss 1 time.
You visited 1 bazaar.
You also visited: Sewer, Ossuary, Ice Cave and Wizlab.

You collected 7650 gold pieces.
You spent 7520 gold pieces at shops.

Inventory:

Hand Weapons
 g - the +8 broad axe "Orb Guardian's Death" {flame, rElec}
   (You acquired it on level 1 of the Lair of Beasts)

   rElec:     It insulates you from electricity.
 r - a +9 spectral broad axe
 T - the +8 mithril axe "Arga" (weapon) {speed, Will+}
   (You bought it in a shop on level 2 of the Orcish Mines)

   Will:      It increases your willpower.
Missiles
 L - 2 throwing nets (quivered)
Armour
 i - the +0 hat of Divine New Discoveries {rElec Str+2}
   (Okawaru gifted it to you on level 3 of the Snake Pit)

   Str:       It affects your strength (+2).
   rElec:     It insulates you from electricity.
 n - the +0 cloak "Muvaxt" {rC+ Will- Dex+3}
   (You bought it in a shop on level 2 of the Orcish Mines)

   Dex:       It affects your dexterity (+3).
   rC:        It protects you from cold.
   Will:      It decreases your willpower.
 s - the +0 cloak of Plasticity {rF- rC+ Regen+ Str+5}
   (Okawaru gifted it to you on level 2 of the Elven Halls)

   Str:       It affects your strength (+5).
   rF:        It makes you vulnerable to fire.
   rC:        It protects you from cold.
   Regen:     It increases your rate of health regeneration.
 u - a scarf of resistance (worn)
 y - the +3 Mad Mage's Maulers {Infuse+∞ VampMP -Cast}
   (You bought it in a shop on level 2 of the Orcish Mines)

   Infuse+∞: It empowers its wearer's blows with all of their magic.
   VampMP:    Blows struck in melee replenish the wearer's magic.
   -Cast:     It prevents spellcasting.
 C - the +2 pair of gloves of the Journeyman (worn) {-Cast rF+ rC+++ Regen+}
   (Okawaru gifted it to you on level 2 of the Elven Halls)

   rF:        It protects you from fire.
   rC:        It renders you almost immune to cold.
   -Cast:     It prevents spellcasting.
   Regen:     It increases your rate of health regeneration.
 I - the +0 mask of the Dragon (worn) {Will+ Slay+3 SInv}
   (You found it on level 4 of the Depths)

   Slay:      It affects your accuracy & damage with ranged weapons and melee
   (+3).
   SInv:      It lets you see invisible.
   Will:      It increases your willpower.
 Q - a +9 crystal plate armour (worn)
 U - the +0 pair of fencer's gloves {Riposte Dex+3}
   (You found it on level 3 of the Elven Halls)

   Riposte:   It allows the wearer to riposte with melee weapons, swiftly
   retaliating against missed or blocked melee attacks.
   Dex:       It affects your dexterity (+3).
 W - a +2 tower shield of cold resistance
 X - a +2 tower shield of protection (worn)
 Y - the +1 pair of gloves of Taytrun {rC+ Dex-5 Stlth+}
   (Okawaru gifted it to you on level 11 of the Dungeon)

   Dex:       It affects your dexterity (-5).
   rC:        It protects you from cold.
   Stlth:     It makes you more stealthy.
Jewellery
 c - the ring "Buifuup" {rF+ Will+ Str+5 Dex-2}
   (You found it on level 3 of the Snake Pit)

   [ring of willpower]

   Str:       It affects your strength (+5).
   Dex:       It affects your dexterity (-2).
   rF:        It protects you from fire.
   Will:      It increases your willpower.
 h - the ring "Pisul" (right hand) {rPois rF+ Will+ Str+6}
   (You bought it in a shop on level 3 of the Shoals)

   [ring of strength]

   Str:       It affects your strength (+6).
   rF:        It protects you from fire.
   rPois:     It protects you from poison.
   Will:      It increases your willpower.
 k - the amulet of Idealism {rN++ Regen+ Str+3}
   (You bought it in a shop on level 2 of the Orcish Mines)

   [amulet of regeneration]

   Str:       It affects your strength (+3).
   rN:        It greatly protects you from negative energy.
   Regen:     It increases your rate of health regeneration.
 t - the ring "Sennuss" (left hand) {rC+ rN+ rCorr Stlth+}
   (You took it off a yaktaur captain on level 4 of the Vaults)

   [ring of positive energy]

   rC:        It protects you from cold.
   rN:        It protects you from negative energy.
   rCorr:     It protects you from acid and corrosion.
   Stlth:     It makes you more stealthy.
 A - the amulet "Hafashug" (around neck) {rElec Will+ Regen+ Int-3}
   (You took it off a deep elf annihilator on level 3 of the Elven Halls)

   [amulet of regeneration]

   Int:       It affects your intelligence (-3).
   rElec:     It insulates you from electricity.
   Regen:     It increases your rate of health regeneration.
   Will:      It increases your willpower.
 E - the amulet of the Four Winds {rN+ Will+++ Clar}
   (You took it off a deep elf annihilator on level 3 of the Elven Halls)

   [amulet of nothing]

   rN:        It protects you from negative energy.
   Clar:      It protects you from confusion, rage, mesmerisation and fear.
   Will:      It greatly increases your willpower.
 F - the brooch of Shielding {Spirit SH+8}
   (You found it on level 2 of the Depths)

   [amulet of guardian spirit]

   It causes incoming damage to be divided between your reserves of health and
   magic.
   SH:        It affects your SH (+8).
 V - the ring of Ameox {Ice rElec rCorr}
   (You found it on level 4 of the Lair of Beasts)

   [ring of ice]

   It enhances your ice magic.
   rF:        It makes you vulnerable to fire.
   rC:        It protects you from cold.
   rElec:     It insulates you from electricity.
   rCorr:     It protects you from acid and corrosion.
 Z - the ring of Compulsion {rPois rF+ rC- Will+}
   (You found it on level 5 of the Vaults)

   [ring of willpower]

   rF:        It protects you from fire.
   rC:        It makes you vulnerable to cold.
   rPois:     It protects you from poison.
   Will:      It increases your willpower.
Wands
 a - a wand of charming (12)
 b - a wand of quicksilver (19)
 H - a wand of digging (24)
 J - a wand of flame (89)
 O - a wand of polymorph (18)
 P - a wand of iceblast (35)
 R - a wand of mindburst (20)
Scrolls
 f - 25 scrolls of teleportation
 j - 14 scrolls of fear
 p - 10 scrolls of blinking
 x - 10 scrolls of fog
 z - 6 scrolls of amnesia
 D - 4 scrolls of silence
 N - a scroll of acquirement
Potions
 d - 9 potions of might
 e - 7 potions of heal wounds
 l - 32 potions of curing
 m - a potion of mutation
 o - 13 potions of brilliance
 q - 8 potions of cancellation
 G - 12 potions of haste
 K - 4 potions of magic
 M - 7 potions of resistance
 S - 4 potions of berserk rage
Miscellaneous
 v - a phantom mirror
 w - a lightning rod (4/4)
 B - a condenser vane


   Skills:
 - Level 24.0 Fighting
 - Level 18.0 Axes
 - Level 0.3 Throwing
 O Level 27 Armour
 * Level 23.0 Dodging
 - Level 12.1 Stealth
 - Level 22.7 Shields
 - Level 1.1 Spellcasting
 - Level 0.3 Translocations
 - Level 7.9 Invocations
 - Level 6.0 Evocations


You had 22 spell levels left.
You knew the following spells:

 Your Spells              Type           Power      Damage    Failure   Level
a - Wereblood             Tmut           0%         N/A       99%         2
b - Passage of Golubria   Tloc           1%         N/A       100%        4

Your spell library contained the following spells:

 Spells                   Type           Power      Damage    Failure   Level
 Apportation              Tloc           2%         N/A       93%         1
 Beastly Appendage        Tmut           0%         N/A       95%         1
 Foxfire                  Conj/Fire      0%         2x1d4     95%         1
 Magic Dart               Conj           0%         1d3       95%         1
 Necrotise                Necr           0%         1d4       95%         1
 Sandblast                Erth           0%         2d4       95%         1
 Shock                    Conj/Air       0%         1d3       95%         1
 Slow                     Hex            0%         N/A       95%         1
 Sting                    Tmut/Pois      0%         1d3       95%         1
 Summon Small Mammal      Summ           0%         N/A       95%         1
 Blink                    Tloc           2%         N/A       98%         2
 Momentum Strike          Conj/Tloc      0%         3d8       98%         2
 Cigotuvi's Dreadful Rot  Necr/Pois/Air  0%         N/A       99%         2
 Passwall                 Tmut/Erth      0%         N/A       99%         2
 Poisonous Vapours        Pois/Air       0%         N/A       99%         2
 Scorch                   Fire           0%         2d5       99%         2
 Searing Ray              Conj           0%         2d4       99%         2
 Static Discharge         Conj/Air       0%         2-2/arc   99%         2
 Sublimation of Blood     Necr           0%         N/A       99%         2
 Call Canine Familiar     Summ           0%         N/A       100%        3
 Confusing Touch          Hex            0%         N/A       100%        3
 Dazzling Flash           Conj/Hex       0%         N/A       100%        3
 Frozen Ramparts          Ice            0%         1d1       100%        3
 Gell's Gravitas          Tloc           1%         N/A       100%        3
 Ignite Poison            Fire/Tmut/Pois 0%         N/A       100%        3
 Inner Flame              Hex/Fire       0%         N/A       100%        3
 Mephitic Cloud           Conj/Pois/Air  0%         N/A       100%        3
 Ozocubu's Armour         Ice            0%         N/A       100%        3
 Portal Projectile        Hex/Tloc       0%         N/A       100%        3
 Spider Form              Tmut/Pois      0%         N/A       100%        3
 Stone Arrow              Conj/Erth      0%         3d7       100%        3
 Summon Guardian Golem    Hex/Summ       0%         N/A       100%        3
 Swiftness                Air            0%         N/A       100%        3
 Teleport Other           Tloc           1%         N/A       100%        3
 Vampiric Draining        Necr           0%         2d6       100%        3
 Volatile Blastmotes      Fire/Tloc      0%         2d10      100%        3
 Airstrike                Air            0%         2d(0-16)  100%        4
 Anguish                  Hex/Necr       0%         N/A       100%        4
 Animate Armour           Summ/Erth      0%         N/A       100%        4
 Cause Fear               Hex            0%         N/A       100%        4
 Dispel Undead            Necr           0%         3d6       100%        4
 Flame Wave               Conj/Fire      0%         2d4       100%        4
 Fulminant Prism          Conj/Hex       0%         3d5       100%        4
 Ice Form                 Ice/Tmut       0%         N/A       100%        4
 Iskenderun's Mystic Bla  Conj/Tloc      0%         2d3       100%        4
 Leda's Liquefaction      Hex/Erth       0%         N/A       100%        4
 Manifold Assault         Tloc           1%         N/A       100%        4
 Olgreb's Toxic Radiance  Pois           0%         N/A       100%        4
 Petrify                  Tmut/Erth      0%         N/A       100%        4
 Sticky Flame             Conj/Fire      0%         2d3       100%        4
 Summon Ice Beast         Ice/Summ       0%         N/A       100%        4
 Summon Lightning Spire   Summ/Air       0%         N/A       100%        4
 Arcjolt                  Conj/Air       0%         1d10      100%        5
 Blade Hands              Tmut           0%         N/A       100%        5
 Borgnjor's Vile Clutch   Necr/Erth      0%         N/A       100%        5
 Fireball                 Conj/Fire      0%         3d3       100%        5
 Freezing Cloud           Conj/Ice/Air   0%         6-21      100%        5
 Irradiate                Conj/Tmut      0%         3d11      100%        5
 Iskenderun's Battlesphe  Conj           0%         2d6       100%        5
 Metabolic Englaciation   Hex/Ice        0%         N/A       100%        5
 Silence                  Hex/Air        0%         N/A       100%        5
 Summon Mana Viper        Hex/Summ       0%         N/A       100%        5
 Conjure Ball Lightning   Conj/Air       0%         3x3d6     100%        6
 Dispersal                Tloc           0%         N/A       100%        6
 Iron Shot                Conj/Erth      0%         9d1       100%        6
 Plasma Beam              Fire/Air       0%         2x1d11    100%        6
 Simulacrum               Ice/Necr       0%         N/A       100%        6
 Starburst                Conj/Fire      0%         6d3       100%        6
 Enfeeble                 Hex            0%         N/A       100%        7
 Haunt                    Necr/Summ      0%         N/A       100%        7
 Orb of Destruction       Conj           0%         9d5       100%        7
 Ozocubu's Refrigeration  Ice            0%         4d7       100%        7
 Spellforged Servitor     Conj/Summ      0%         N/A       100%        7
 Storm Form               Tmut/Air       0%         N/A       100%        7
 Borgnjor's Revivificati  Necr           0%         N/A       100%        8
 Discord                  Hex            0%         N/A       100%        8
 Disjunction              Tloc           0%         N/A       100%        8
 Ignition                 Fire           0%         3d3       100%        8
 Lehudib's Crystal Spear  Conj/Erth      0%         10d2      100%        8
 Maxwell's Capacitive Co  Air            0%         ∞         100%        8
 Chain Lightning          Conj/Air       0%         N/A       100%        9
 Fire Storm               Conj/Fire      0%         5d1       100%        9
 Polar Vortex             Ice            0%         N/A       100%        9
 Shatter                  Erth           0%         3d5*      100%        9


Dungeon Overview and Level Annotations

Branches:
Dungeon (15/15)            Temple (1/1) D:4            Lair (5/5) D:10
 Shoals (4/4) Lair:3        Snake (4/4) Lair:2          Orc (2/2) D:10
    Elf (3/3) Orc:2        Vaults (5/5) D:14          Crypt (1/3) Vaults:2
 Depths (4/4) D:15           Hell (visited)             Dis (7/7) Hell
    Geh (0/7) Hell            Coc (7/7) Hell            Tar (0/7) Hell
    Zot (0/5) Depths:4      Sewer (visited)         Ossuary (visited)
  IceCv (visited)          WizLab (visited)
  Slime: Lair:4-5

Altars:
Cheibriados
Elyvilon
Fedhas
Gozag
Hepliaklqana
Kikubaaqudgha
Makhleb
Okawaru
Qazlal
Ru
Sif Muna
Trog
Uskayaw
Vehumet
Wu Jian
Xom
Zin
The Shining One
Jiyva
Lugonu

Shops:
D:4 ?**[[   D:8 (::(:   D:12 ?   Orc:2 =*[(   Elf:1 [   Shoals:3 =   Snake:2 :
Depths:2 (:*([

Portals:
Hell: Depths:1 Depths:2 Depths:3 Depths:4
Abyss: Shoals:1 Depths:3
Pandemonium: Depths:1 Depths:2 Depths:3 Depths:4
Ziggurat: Depths:4

Annotations:
D:14 3 runed translucent doors, Cofimnas's ghost, journeyman FoFi
D:15 2 transporters, Kiedyfinla's ghost, journeyman SpEn
Lair:4 exclusion: 2 oklob plants
Snake:1 1 transporter
Orc:1 2 transporters, wingedge's ghost, journeyman DgFi


Innate Abilities, Weirdness & Mutations

You have a beak for a mouth.
You have claws for feet.
Your magical nature lets you fly swiftly and evasively.
Your flesh is heat resistant. (rF+)
[You are vulnerable to cold. (rC-)]
[You sometimes lose the ability to drink potions when taking damage.]


Message History

* * * LOW HITPOINT WARNING * * *
You block the Hell Sentinel's attack. The Hell Sentinel closely misses you.
The iron giant misses you.
Unknown command.
You hit the Hell Sentinel.
You claw the Hell Sentinel, but do no damage.
The Hell Sentinel is lightly wounded.
You hit the iron giant but do no damage.
You hit the iron golem but do no damage.
You hit the iron giant but do no damage.
You hit the iron golem but do no damage.
Blink to where?
Press: ? - help, Dir - move target
As you read the scroll of blinking, it crumbles to dust.
The iron giant throws the iron golem at you!
* * * LOW HITPOINT WARNING * * *
The iron giant throws the iron golem at you! x2
* * * LOW HITPOINT WARNING * * *
You block the iron golem's attack. The iron golem barely misses you.
The iron golem misses you. You block the iron golem's attack.
You fly downwards. "WE'VE GOT YOU NOW!"
You feel vulnerable to cold.
There is a gateway leading out of Dis here.
You hit the iron golem.
You claw the iron golem, but do no damage.
You peck the iron golem, but do no damage.
The iron golem is lightly damaged.
You block the iron golem's attack. x2
You slash the iron golem!
You claw the iron golem, but do no damage.
You peck the iron golem, but do no damage.
The iron golem is lightly damaged.
You hit the iron golem but do no damage.
You claw the iron golem, but do no damage.
The iron golem is lightly damaged.
The iron golem hits you!
* * * LOW HITPOINT WARNING * * *
The iron golem hits you!!
You die...

#####
#@9.#
#...#
##+##


You could see an iron golem.

Vanquished Creatures
  Antaeus (Coc:7)
  An ancient lich (Vaults:5)
  3 dread liches
  Mara (Snake:3)
  Saint Roka (Vaults:2)
  13 shard shrikes
  Frederick (Vaults:3)
  Geryon (Hell)
  8 golden dragons
  Jory (Depths:4)
  2 bone dragons (Coc:4)
  A Cloud Mage (WizLab)
  13 Ice Fiends
  A Hell Sentinel (Hell)
  4 tentacled monstrosities
  Zenata (Vaults:1)
  3 liches
  7 deep elf blademasters
  7 deep elf master archers
  24 titans
  4 quicksilver dragons
  7 searing wretches
  A walking frostbound tome (Depths:3)
  Frances (Snake:1)
  Polyphemus (Shoals:4)
  8 ancient champions
  4 krakens (Shoals:2)
  5 sphinxes
  2 tentacled starspawn (Abyss:2)
  2 storm dragons (Vaults:5)
  3 shadow dragons
  Gastronok (D:8)
  5 draconian monks (Depths:4)
  The ghost of Eli the Devastator, an adept TeCj of Jiyva (Shoals:3)
  6 tengu reavers
  A draconian knight (Depths:4)
  8 quicksilver elementals
  16 azure jellies
  33 narguns
  2 nagarajas
  A revenant (Crypt:1)
  27 frost giants
  6 deep elf sorcerers
  Aizul (Vaults:2)
  A frost giant (shapeshifter) (Vaults:5)
  19 vault wardens
  18 fire giants
  2 iron dragons
  8 shard shrike simulacra
  3 draconian annihilators (Depths:4)
  A juggernaut zombie (Depths:1)
  20 very ugly things
  5 deep elf elementalists
  2 cacodemons
  A caustic shrike skeleton (Depths:1)
  23 stone giants
  14 ironbound preservers
  7 ironbound thunderhulks
  7 reapers
  2 orc warlords
  A draconian stormcaller (Abyss:2)
  9 vampire knights
  9 war gargoyles
  16 elemental wellsprings
  7 deep elf demonologists
  11 green draconians (Depths:4)
  8 black draconians
  2 purple draconians (Depths:4)
  4 white draconians (Depths:4)
  Nessos (Lair:3)
  2 lorocyprocas
  25 wendigos
  20 dire elephants
  Azrael (Orc:2)
  8 deep elf annihilators (Elf:3)
  8 spark wasps
  3 red draconians (Depths:4)
  5 deep elf death magi
  An eidolon (Crypt:1)
  6 ettins
  10 iron golems
  5 blizzard demons
  11 fire dragons
  7 deep elf high priests
  3 entropy weavers (Vaults:4)
  Josephine (Snake:1)
  2 jiangshi (Crypt:1)
  9 merfolk impalers
  4 merfolk javelineers
  2 rakshasas
  20 yaktaur captains
  6 salamander tyrants
  8 hydras
  2 juggernaut simulacra
  Fannar (Lair:3)
  8 great orbs of eyes
  11 ice dragons
  18 anacondas
  30 vault guards
  8 ironbound frosthearts
  3 ghost crabs (WizLab)
  13 centaur warriors
  3 catoblepae
  4 merfolk avatars
  9 spriggan air magi
  Erica (D:10)
  An ogre mage (D:15)
  14 caustic shrike simulacra
  3 death knights
  2 spriggan skeletons
  3 alligator snapping turtles
  4 alligators (Shoals:3)
  9 two-headed ogres
  A vampire mage (Crypt:1)
  35 dancing weapons
  12 death yaks
  A stoker (Hell)
  6 boulder beetles
  11 deep troll earth magi
  5 merfolk aquamancers
  4 satyrs
  2 thrashing horrors (Shoals:1)
  4 tengu warriors
  13 deep troll shamans
  Urug (Lair:3)
  13 naga warriors
  9 naga sharpshooters
  A shock serpent (shapeshifter) (Vaults:5)
  3 orc high priests (Orc:2)
  19 shock serpents
  Amaemon (D:8)
  24 deep elf knights
  5 soul eaters
  4 sun demons
  5 shadow wraiths
  10 skysharks
  The ghost of spardeous the Blocker, a novice GnFi of Gozag (D:8)
  2 goliath frogs (Shoals:3)
  2 crystal echidnas
  2 wretched stars
  13 iron trolls
  8 salamander mystics
  An anaconda zombie (Crypt:1)
  A sixfirhy (Depths:1)
  Lodul (D:11)
  13 naga ritualists
  4 death drakes
  8 sea snakes
  8 skeletal warriors
  63 deep trolls
  2 flayed ghosts
  3 quicksilver dragon simulacra
  15 deep elf archers
  An iron giant skeleton (Coc:4)
  Pikel (D:6)
  11 ironbound convokers
  19 wizards
  13 phantasmal warriors
  2 glowing orange brains
  16 lindwurms
  A harpy (shapeshifter) (Depths:3)
  An anaconda skeleton (Crypt:1)
  28 harpies
  3 necromancers
  9 orc knights
  25 deep elf zephyrmancers
  A shining eye (shapeshifter) (Elf:3)
  21 deep elf pyromancers
  18 mana vipers
  35 ugly things
  11 fauns
  7 orc sorcerers
  A mana viper (shapeshifter) (Depths:3)
  7 cyclopes
  A will-o-the-wisp (Abyss:2)
  A wolf spider (D:15)
  12 manticores
  A worldbinder (Shoals:1)
  A black mamba (shapeshifter) (Depths:3)
  19 elephants
  17 salamanders
  A moth of wrath (D:8)
  40 black mambas
  17 vault sentinels
  10 merfolk sirens
  4 water nymphs
  A demonic crawler (Hell)
  7 rust devils
  12 naga magi
  8 titan simulacra
  2 smoke demons
  8 ice statues
  2 gargoyles
  5 apocalypse crabs
  9 guardian serpents
  3 orange demons
  18 cane toads
  Maggie (D:8)
  A rime drake (Lair:4)
  26 yaktaurs
  5 tormentors
  3 bunyip simulacra
  A sea snake zombie (Shoals:1)
  Psyche (D:8)
  An efreet (Abyss:2)
  24 freezing wraiths
  5 hellions
  5 komodo dragons
  A golden dragon simulacrum (Coc:5)
  2 ice devils
  2 human skeletons
  A yaktaur (shapeshifter) (Depths:3)
  3 kobold demonologists
  A queen bee (shapeshifter) (Depths:3)
  An ancient zyme (Abyss:2)
  32 merfolk
  2 iron giant simulacra
  A meliai (shapeshifter) (Depths:3)
  15 wind drakes
  8 anaconda simulacra
  2 hornets
  7 trolls
  3 hydra zombies
  3 meliai (D:15)
  A hellwing (Depths:2)
  2 polar bears (Lair:5)
  4 raiju (Abyss:2)
  16 blink frogs
  6 large abominations (Abyss:2)
  2 dream sheep
  11 snapping turtles
  2 stone giant simulacra
  A dream sheep (shapeshifter) (Abyss:2)
  3 iron dragon simulacra
  Sigmund (D:6)
  49 slime creatures
  A shadow (D:12)
  A spriggan zombie (Depths:1)
  9 air elementals
  8 dire elephant simulacra
  9 wraiths
  10 flying skulls (Crypt:1)
  An ettin skeleton (Vaults:3)
  4 centaur simulacra
  A spriggan (shapeshifter) (D:13)
  14 water elementals
  3 fire bats (Depths:3)
  4 wyverns
  Eustachio (D:6)
  21 humans (D:14)
  72 yaks
  Grum (D:9)
  4 fire elementals
  The ghost of mason12 the Trooper, an amateur BaBe of Trog (D:4)
  A hog (shapeshifter) (Depths:3)
  An alligator snapping turtle simulacrum (Coc:3)
  A chaos spawn (Depths:1)
  4 neqoxecs
  A redback (Vaults:4)
  A vampire mosquito (D:14)
  4 basilisks
  A yaktaur simulacrum (Vaults:3)
  2 death yak simulacra (IceCv)
  18 harpy simulacra
  5 wargs
  41 nagas
  A swamp worm (shapeshifter) (Depths:2)
  11 water moccasins
  3 hydra simulacra
  4 hell hounds
  2 acid dragons
  4 small abominations (Abyss:2)
  A glowing shapeshifter skeleton (Vaults:3)
  43 orc warriors
  2 sky beasts
  2 ice beasts
  2 black bears (D:6)
  5 ettin simulacra
  5 boggarts (D:15)
  12 centaurs
  14 wolves
  A manticore skeleton (Crypt:1)
  16 ogres
  A lemure (D:5)
  2 phantoms
  4 kobold brigands
  15 bullfrogs
  8 two-headed ogre simulacra
  4 gnoll sergeants
  2 cane toad simulacra (IceCv)
  4 earth elementals
  2 scorpions
  15 wights
  A warg skeleton (Crypt:1)
  3 killer bees (D:7)
  2 elephant simulacra (IceCv)
  A polar bear skeleton (Crypt:1)
  4 electric eels
  3 howler monkeys (D:7)
  5 lava snakes (Lair:5)
  2 jellies
  33 orc priests
  3 hounds
  A gnoll bouda (D:9)
  8 iguanas
  Jessica (D:2)
  A sleepcap (D:4)
  26 orc wizards
  16 spriggan simulacra
  2 troll simulacra (IceCv)
  16 hell rats
  5 wolf simulacra (IceCv)
  A naga zombie (Crypt:1)
  2 mummies
  9 adders
  40 gnolls
  2 river rats
  9 naga simulacra
  A shadow imp (D:7)
  7 white imps
  11 ufetubi
  4 worms
  2 dart slugs
  105 orcs
  16 ball pythons
  5 bats
  19 endoplasms
  12 giant cockroaches
  6 goblins (D:4)
  5 hobgoblins
  16 kobolds
  23 quokkas
  11 frilled lizards
  6 gnoll skeletons (Ossuary)
  5 kobold skeletons (Ossuary)
  14 orc skeletons (Ossuary)
  6 rats
  15 fire vortices
  3 starspawn tentacles (Abyss:2)
  10 tentacles (Shoals:2)
2704 creatures vanquished.

Vanquished Creatures (collateral kills)
  A harpy simulacrum (Coc:7)
1 creature vanquished.

Vanquished Creatures (others)
  A dread lich (Vaults:2)
  2 azure jellies (Coc:7)
  A fire giant (D:11)
  4 shard shrike simulacra
  A very ugly thing (Vaults:5)
  A war gargoyle (Dis:3)
  A wendigo (Coc:7)
  A white draconian (Depths:4)
  A fire dragon (Depths:4)
  An ogre mage (Vaults:5)
  3 caustic shrike simulacra
  4 juggernaut simulacra
  A deep elf knight (Elf:1)
  2 quicksilver dragon simulacra
  A spriggan simulacrum (Coc:7)
  2 wizards
  2 deep elf zephyrmancers (WizLab)
  A deep elf pyromancer (Elf:1)
  An unseen horror (D:12)
  A tormentor (Coc:1)
  A freezing wraith (Coc:1)
  2 iron dragon simulacra
  4 dire elephant simulacra
  A harpy simulacrum (Coc:6)
  3 naga simulacra
  A hell rat (Hell)
  A white imp (IceCv)
  3 orcs
  2 creeping infernos
  A fire vortex (Hell)
  4 foxfires (Abyss:2)
  3 spectral weapons
  A starspawn tentacle (Abyss:2)
  9 tentacles (Shoals:2)
68 creatures vanquished.

Grand Total: 2773 creatures vanquished

Notes
Turn   | Place    | Note
-------+----------+-------------------------------------------
     0 | D:1      | Kurtz the Tengu Fighter began the quest for the Orb.
     0 | D:1      | Reached XP level 1. HP: 14/14 MP: 2/2
   126 | D:1      | Found a faded altar of an unknown god.
   147 | D:1      | Reached XP level 2. HP: 19/19 MP: 3/3
   863 | D:2      | Reached XP level 3. HP: 23/23 MP: 4/4
  1187 | D:2      | Reached XP level 4. HP: 15/28 MP: 5/5
  1336 | D:2      | Noticed Jessica
  1340 | D:2      | Reached skill level 5 in Axes
  1344 | D:2      | Killed Jessica
  1385 | D:2      | Gained mutation: Your magical nature lets you fly swiftly
                  | and evasively. [Tengu growth]
  1385 | D:2      | Reached XP level 5. HP: 32/32 MP: 6/6
  2004 | D:3      | Reached XP level 6. HP: 6/37 MP: 7/7
  2313 | D:3      | Found a bloodstained altar of Trog.
  2313 | D:3      | Found an ornate altar of the Wu Jian Council.
  2700 | D:4      | Found Cimaoxut's Antique Armour Shoppe.
  2756 | D:4      | Found a sand-covered staircase.
  2822 | Ossuary  | Entered an ossuary
  2822 | Ossuary  | Noticed a wraith
  2822 | Ossuary  | Noticed a wraith
  2822 | Ossuary  | Noticed a wraith
  2889 | Ossuary  | Noticed a wraith
  2929 | Ossuary  | Killed a wraith
  2930 | Ossuary  | Reached XP level 7. HP: 12/41 MP: 8/8
  3297 | D:4      | Found a staircase to the Ecumenical Temple.
  3305 | D:4      | Reached skill level 1 in Dodging
  3311 | D:4      | Found Cuohusax's Assorted Antiques.
  3318 | Temple   | Entered the Ecumenical Temple
  3340 | Temple   | Became a worshipper of Warmaster Okawaru
  3412 | D:4      | Found a runed translucent door.
  3416 | D:4      | Noticed mason12's ghost (amateur BaBe)
  3430 | D:4      | Found Gashrob's Assorted Antiques.
  3457 | D:4      | Found Ekhlubidd's Magic Scroll Emporium.
  3697 | D:4      | Reached skill level 4 in Armour
  3697 | D:4      | Reached XP level 8. HP: 46/47 MP: 9/9
  3982 | D:4      | Found Buzetrov's Armour Emporium.
  4155 | D:5      | Entered Level 5 of the Dungeon
  4235 | D:5      | Found a glowing drain.
  4239 | Sewer    | Entered a sewer
  4540 | D:5      | Noticed Pikel
  4561 | D:5      | Reached * piety under Okawaru
  4776 | D:6      | Found a snail-covered altar of Cheibriados.
  4801 | D:6      | Noticed Eustachio
  4844 | D:6      | Killed Eustachio
  4845 | D:6      | Reached skill level 10 in Axes
  4845 | D:6      | Reached skill level 5 in Armour
  4962 | D:6      | Reached skill level 5 in Fighting
  4962 | D:6      | Reached XP level 9. HP: 54/54 MP: 10/10
  4992 | D:6      | Noticed Sigmund
  5000 | D:6      | Killed Sigmund
  5000 | D:6      | Reached ** piety under Okawaru
  5776 | D:6      | Reached *** piety under Okawaru
  5777 | D:6      | Reached skill level 6 in Armour
  5892 | D:6      | Killed Pikel
  5893 | D:6      | Reached XP level 10. HP: 58/61 MP: 11/11
  6437 | D:7      | Reached skill level 5 in Dodging
  6980 | D:7      | Reached **** piety under Okawaru
  7183 | D:8      | Found Cosk's Weapon Shop.
  7272 | D:4      | Bought a spiked ring mail for 234 gold pieces
  7272 | D:4      | Identified the +1 ring mail of Ynirawi {*Slow Str+4} (You
                  | bought it in a shop on level 4 of the Dungeon)
  7391 | D:8      | Noticed Maggie
  7412 | D:8      | Killed Maggie
  7413 | D:8      | Reached skill level 7 in Armour
  7506 | D:8      | Noticed Psyche
  7528 | D:8      | Killed Psyche
  7599 | D:8      | Noticed Amaemon
  7632 | D:8      | Reached ***** piety under Okawaru
  7736 | D:8      | Found Qaets's Book Shoppe.
  7944 | D:8      | Found Tyil Kixt's Book Emporium.
  7978 | D:8      | Found a transporter.
  7992 | D:8      | Noticed a moth of wrath
  7993 | D:8      | Found a bloodstained altar of Trog.
  7993 | D:8      | Noticed spardeous's ghost (novice GnFi)
  8011 | D:8      | Found a transporter.
  8055 | D:8      | Found Hoafous's Weapon Shop.
  8063 | D:8      | Found Ninigune's Book Shop.
  8196 | D:8      | Reached skill level 8 in Armour
  8274 | D:8      | Noticed Gastronok
  8442 | D:8      | Killed Gastronok
  8442 | D:8      | Identified the +6 war axe of Pragmatism {elec, *Noise
                  | +Blink rCorr Str+7} (Okawaru gifted it to you on level 8 of
                  | the Dungeon)
  8442 | D:8      | Received a gift from Okawaru
  8443 | D:8      | Reached XP level 11. HP: 68/68 MP: 5/12
  8617 | D:8      | Killed Amaemon
  8819 | D:9      | Noticed a boulder beetle
  8831 | D:9      | Killed a boulder beetle
  9413 | D:9      | Noticed Grum
  9429 | D:9      | Killed Grum
  9842 | D:10     | Entered Level 10 of the Dungeon
  9842 | D:10     | Noticed Erica
  9849 | D:10     | Killed Erica
  9889 | D:10     | Noticed a two-headed ogre
  9899 | D:10     | Killed a two-headed ogre
 10111 | D:10     | Found a staircase to the Lair.
 10139 | D:10     | Reached ****** piety under Okawaru
 10178 | D:10     | Identified the +3 war axe "Lifrerux" {heavy, +Blink Int+4}
 10316 | D:10     | Found a staircase to the Orcish Mines.
 10324 | D:10     | Received a gift from Okawaru
 10433 | D:10     | Reached skill level 9 in Armour
 10786 | D:11     | Reached XP level 12. HP: 76/76 MP: 13/13
 10894 | D:11     | Noticed a two-headed ogre
 10898 | D:11     | Killed a two-headed ogre
 10979 | D:11     | Noticed a two-headed ogre
 10991 | D:11     | Killed a two-headed ogre
 11122 | D:11     | Reached skill level 10 in Fighting
 11196 | D:11     | Noticed Lodul
 11205 | D:11     | Killed Lodul
 11205 | D:11     | Identified the +1 pair of gloves of Taytrun {rC+ Dex-5
                  | Stlth+} (Okawaru gifted it to you on level 11 of the
                  | Dungeon)
 11205 | D:11     | Received a gift from Okawaru
 11327 | D:11     | Identified 2 scrolls of acquirement
 11611 | Lair:1   | Entered Level 1 of the Lair of Beasts
 11617 | Lair:1   | Reached skill level 15 in Axes
 11701 | Lair:1   | Acquired the +8 broad axe "Orb Guardian's Death" {flame,
                  | rElec}
 11704 | Lair:1   | Acquired a manual of Fighting
 12293 | Lair:2   | Found a staircase to the Snake Pit.
 12672 | Lair:2   | Noticed an eight-headed hydra
 12789 | Lair:2   | Noticed a skyshark
 12800 | Lair:2   | Killed a skyshark
 12801 | Lair:2   | Reached skill level 10 in Armour
 12803 | Lair:2   | Reached XP level 13. HP: 81/85 MP: 11/14
 13315 | Lair:2   | Identified the +1 animal skin "Dilohesolo" {rN+ Int+3}
                  | (Okawaru gifted it to you on level 2 of the Lair of Beasts)
 13315 | Lair:2   | Received a gift from Okawaru
 13949 | Lair:3   | Noticed Urug
 13960 | Lair:3   | Killed Urug
 14127 | Lair:3   | Noticed Nessos
 14149 | Lair:3   | Killed Nessos
 14197 | Lair:3   | Noticed Fannar
 14210 | Lair:3   | Killed Fannar
 14451 | Lair:3   | Found a staircase to the Shoals.
 14796 | Lair:4   | Got Kikubaaqudgha's Omnibus of Skeletons
 14855 | Lair:4   | Reached skill level 10 in Dodging
 14976 | Lair:4   | Identified the ring of Ameox {Ice rElec rCorr}
 15027 | Lair:4   | Reached skill level 11 in Armour
 15029 | Lair:4   | Reached XP level 14. HP: 84/96 MP: 15/15
 15129 | Lair:4   | Found a viscous altar of Jiyva.
 15441 | Lair:4   | Identified the +5 chain mail of a ziggurat {Harm Str+4}
                  | (Okawaru gifted it to you on level 4 of the Lair of Beasts)
 15441 | Lair:4   | Received a gift from Okawaru
 15726 | Lair:5   | Entered Level 5 of the Lair of Beasts
 16143 | Lair:5   | Reached skill level 15 in Fighting
 16341 | Lair:4   | Reached skill level 1 in Stealth
 16732 | Lair:5   | Received a gift from Okawaru
 17041 | Lair:5   | Received a gift from Okawaru
 17362 | Lair:5   | Identified the +7 spear of the Tooth {heavy, rC+}
 17637 | D:4      | Bought +0 fire dragon scales for 780 gold pieces
 17677 | D:4      | Bought a scroll labelled NAM DARHEHUTH for 31 gold pieces
 17677 | D:4      | Bought a lumpy black potion for 27 gold pieces
 17677 | D:4      | Bought a yellow potion for 27 gold pieces
 18194 | Snake:1  | Entered Level 1 of the Snake Pit
 18201 | Snake:1  | Reached XP level 15. HP: 104/104 MP: 16/16
 18310 | Snake:1  | Found a transporter.
 18333 | Snake:1  | Noticed a nagaraja
 18338 | Snake:1  | Found a shimmering blue altar of Sif Muna.
 18465 | Snake:1  | Noticed Frances
 18474 | Snake:1  | Killed Frances
 18475 | Snake:1  | Reached skill level 5 in Shields
 18534 | Snake:1  | Noticed a nagaraja
 18535 | Snake:1  | Noticed a nagaraja
 18613 | Snake:1  | Reached skill level 12 in Armour
 19021 | Orc:1    | Entered Level 1 of the Orcish Mines
 19041 | Orc:1    | Received a gift from Okawaru
 19130 | Orc:2    | Entered Level 2 of the Orcish Mines
 19200 | Orc:2    | Noticed Azrael
 19233 | Orc:2    | Killed Azrael
 19324 | Orc:2    | Found a staircase to the Elven Halls.
 20351 | Orc:2    | Noticed an orc warlord
 20497 | Orc:2    | Killed an orc warlord
 20776 | Orc:2    | Found Mitusime's Antique Armour Boutique.
 20777 | Orc:2    | Found Zod Neuq's Antique Weapon Boutique.
 20779 | Orc:2    | Found Xettiap's General Store.
 20779 | Orc:2    | Found Wacuq's Jewellery Shop.
 20784 | Orc:2    | Bought an ichor-stained cloak for 256 gold pieces
 20784 | Orc:2    | Identified the +0 cloak "Muvaxt" {rC+ Will- Dex+3} (You
                  | bought it in a shop on level 2 of the Orcish Mines)
 21171 | Orc:1    | Found a transporter.
 21191 | Orc:1    | Noticed wingedge's ghost (journeyman DgFi)
 21205 | Orc:1    | Found a transporter.
 21568 | Elf:1    | Entered Level 1 of the Elven Halls
 22504 | Elf:1    | Received a gift from Okawaru
 22505 | Elf:1    | Reached skill level 5 in Stealth
 23412 | Elf:1    | Reached XP level 16. HP: 112/112 MP: 17/17
 23499 | Elf:1    | Found Ciloqate's Armour Shoppe.
 23615 | Elf:1    | You are sucked into a shaft and drop 1 floor!
 23621 | Elf:2    | Found a runed translucent gate.
 23621 | Elf:2    | Found a runed translucent gate.
 23625 | Elf:2    | Found a runed translucent gate.
 23931 | Elf:2    | Identified the +2 pair of gloves of the Journeyman {-Cast
                  | rF+ rC+++ Regen+} (Okawaru gifted it to you on level 2 of
                  | the Elven Halls)
 23931 | Elf:2    | Received a gift from Okawaru
 24384 | Elf:2    | Reached skill level 13 in Armour
 25066 | Snake:1  | Noticed Josephine
 25075 | Snake:1  | Killed Josephine
 25958 | Snake:2  | Noticed a nagaraja
 25965 | Snake:2  | Killed a nagaraja
 25986 | Snake:2  | Identified the +0 buckler of Inviolability {rElec Dex+7
                  | Slay-6} (Okawaru gifted it to you on level 2 of the Snake
                  | Pit)
 25986 | Snake:2  | Received a gift from Okawaru
 26048 | Snake:2  | Found Venor's Tremendous Tomes.
 26135 | Snake:2  | Found a blossoming altar of Fedhas.
 26823 | Snake:3  | Reached XP level 17. HP: 111/120 MP: 18/18
 27270 | Snake:3  | Reached skill level 10 in Shields
 27500 | Snake:3  | Noticed Mara
 27502 | Snake:3  | Noticed Kurtz's illusion
 27691 | Snake:3  | Killed Mara
 28139 | Snake:3  | Reached skill level 1 in Invocations
 28160 | Snake:3  | Identified the +0 hat of Divine New Discoveries {rElec
                  | Str+2} (Okawaru gifted it to you on level 3 of the Snake
                  | Pit)
 28160 | Snake:3  | Received a gift from Okawaru
 28359 | Snake:3  | Identified the ring "Buifuup" {rF+ Will+ Str+5 Dex-2}
 28905 | Shoals:1 | Entered Level 1 of the Shoals
 29142 | Shoals:1 | Found a runed translucent door.
 29251 | Shoals:1 | You are sucked into a shaft and drop 1 floor!
 29941 | Shoals:1 | Found a corrupted altar of Lugonu.
 29941 | Shoals:1 | Found a one-way gate to the infinite horrors of the Abyss.
 30028 | Shoals:2 | Reached XP level 18. HP: 128/128 MP: 20/20
 30556 | Shoals:2 | Identified the scarf "Xenko" {harm, rF- Str+3 Int+2 Stlth+}
                  | (Okawaru gifted it to you on level 2 of the Shoals)
 30556 | Shoals:2 | Received a gift from Okawaru
 30975 | Shoals:3 | Found a flickering gateway to a bazaar.
 31008 | Bazaar   | Entered a bazaar
 31008 | Bazaar   | Found Koetujue's General Store.
 31008 | Bazaar   | Found Tyjar's Jewellery Shoppe.
 31008 | Bazaar   | Found Zylo's General Store.
 31008 | Bazaar   | Found Veqav's Antique Weapon Emporium.
 31026 | Bazaar   | Bought a potion of heal wounds for 80 gold pieces
 31026 | Bazaar   | Bought a scroll of enchant armour for 120 gold pieces
 31026 | Bazaar   | Bought a scroll of teleportation for 48 gold pieces
 31028 | Bazaar   | Bought a potion of haste for 110 gold pieces
 31028 | Bazaar   | Bought a scroll of enchant armour for 82 gold pieces
 31028 | Bazaar   | Bought a scroll of brand weapon for 104 gold pieces
 31401 | Shoals:3 | Reached skill level 15 in Shields
 31687 | Shoals:3 | Found Wunath's Jewellery Emporium.
 31735 | Shoals:3 | Found a runed translucent door.
 31735 | Shoals:3 | Found a shimmering altar of Xom.
 31735 | Shoals:3 | Noticed Eli's ghost (adept TeCj)
 32033 | Shoals:4 | Entered Level 4 of the Shoals
 32759 | Shoals:4 | Received a gift from Okawaru
 33497 | Shoals:4 | Reached XP level 19. HP: 133/133 MP: 21/21
 33505 | Shoals:4 | Identified the +3 quarterstaff of Xom's Reproof {flame,
                  | rN+}
 33737 | Shoals:4 | Noticed Polyphemus
 33760 | Shoals:4 | Killed Polyphemus
 33761 | Shoals:4 | Reached skill level 15 in Dodging
 34198 | Shoals:4 | Got a barnacled rune of Zot
 34591 | Orc:2    | Bought the amulet of Idealism {rN++ Regen+ Str+3} for 807
                  | gold pieces
 34857 | Elf:2    | Received a gift from Okawaru
 34985 | Elf:2    | Identified the +0 cloak of Plasticity {rF- rC+ Regen+
                  | Str+5} (Okawaru gifted it to you on level 2 of the Elven
                  | Halls)
 34985 | Elf:2    | Received a gift from Okawaru
 35312 | Elf:3    | Entered Level 3 of the Elven Halls
 35640 | Elf:3    | Identified the +5 sling of Kismet {freeze, Will- Str+3
                  | Int+2 Dex+4}
 36309 | Elf:3    | Identified the staff of poison "Tuuschoox" {rElec rPois rC-
                  | Dex+3}
 36802 | Elf:3    | Identified the +7 halberd "Wipaesa" {freeze, Str+4}
 37358 | Abyss:2  | Cast into level 2 of the Abyss (a deep elf sorcerer)
 37553 | Abyss:2  | Received a gift from Okawaru
 37579 | Abyss:2  | Reached XP level 20. HP: 140/140 MP: 22/22
 37580 | Abyss:2  | Gained mutation: Armour fits poorly on your strangely
                  | shaped body. [a cacodemon]
 37582 | Abyss:2  | Gained mutation: You are weak. (Str -2) [a cacodemon]
 37647 | Elf:3    | Escaped the Abyss
 37658 | Elf:2    | Lost mutation: You are weak. (Str -2) [potion of mutation]
 37658 | Elf:2    | Lost mutation: Armour fits poorly on your strangely shaped
                  | body. [potion of mutation]
 37658 | Elf:2    | Gained mutation: [You are vulnerable to cold. (rC-)]
                  | [potion of mutation]
 37658 | Elf:2    | Lost mutation: [You are vulnerable to cold. (rC-)] [potion
                  | of mutation]
 37658 | Elf:2    | Gained mutation: Your flesh is heat resistant. (rF+)
                  | [potion of mutation]
 38253 | Elf:3    | Identified the amulet "Hafashug" {rElec Will+ Regen+ Int-3}
 38521 | Elf:3    | Noticed a Brimstone Fiend
 38525 | Elf:3    | Noticed a Brimstone Fiend
 38528 | Elf:3    | Found the +0 pair of fencer's gloves {Riposte Dex+3}
 38567 | Elf:3    | Identified the +4 sling of Causality {elec, Will+ Str+3
                  | SInv}
 38755 | Elf:3    | Identified the +6 shortbow of Absolution {freeze, rElec
                  | Str-3 Int+6}
 38781 | Elf:3    | Identified the staff of conjuration "Mugg" {Str+3}
 39113 | Snake:4  | Entered Level 4 of the Snake Pit
 39302 | Snake:4  | Reached skill level 14 in Armour
 39744 | Snake:4  | Received a gift from Okawaru
 39762 | Snake:4  | Got a serpentine rune of Zot
 40617 | Shoals:1 | Got Cahisorph's Folio of Lava and Intoxication
 40618 | Shoals:1 | Identified the +0 leather armour "Relukkan" {Rampage Drain
                  | rElec Int+5}
 41113 | D:8      | Killed spardeous's ghost
 41292 | D:4      | Killed mason12's ghost
 41742 | D:12     | Got the Encyclopedia of the Jaunt
 42190 | D:12     | Found The Oracle's Delphic Readings.
 42194 | D:12     | Bought 2 scrolls of teleportation for 84 gold pieces
 42508 | D:13     | Found a frozen archway.
 42516 | IceCv    | Entered an ice cave
 43077 | IceCv    | Identified the +7 flail of Vyomoom {heavy, rN+ Dex+4}
 43291 | D:13     | Reached XP level 21. HP: 147/147 MP: 23/23
 43365 | D:13     | Received a gift from Okawaru
 44396 | D:14     | Found a runed translucent gate.
 44396 | D:14     | Found a runed translucent gate.
 44396 | D:14     | Found a runed translucent gate.
 44398 | D:14     | Noticed Cofimnas's ghost (journeyman FoFi)
 44741 | D:14     | Found a gate to the Vaults.
 44751 | D:14     | Learned a level 2 spell: Wereblood
 44861 | D:14     | Found an iron altar of Okawaru.
 44877 | D:15     | Entered Level 15 of the Dungeon
 44953 | D:15     | Found a transporter.
 45322 | D:15     | Identified the ring of Xom's Whimsicality {Fire Int-4
                  | Dex+5}
 45410 | D:15     | Noticed Kiedyfinla's ghost (journeyman SpEn)
 45411 | D:15     | Found a transporter.
 45427 | D:15     | Found a staircase to the Depths.
 46280 | Shoals:3 | Bought the ring "Pisul" {rPois rF+ Will+ Str+6} for 1196
                  | gold pieces
 46335 | Shoals:3 | Killed Eli's ghost
 46604 | Vaults:1 | Entered Level 1 of the Vaults
 46852 | Vaults:1 | Received a gift from Okawaru
 47323 | Vaults:1 | Noticed Zenata
 47335 | Vaults:1 | Killed Zenata
 47527 | Vaults:2 | Received a gift from Okawaru
 47649 | Vaults:2 | Noticed Saint Roka
 47671 | Vaults:2 | Killed Saint Roka
 47719 | Vaults:2 | Reached XP level 22. HP: 155/155 MP: 26/26
 47857 | Vaults:2 | Found a staircase to the Crypt.
 47961 | Vaults:2 | Noticed Aizul
 47969 | Vaults:2 | Killed Aizul
 47970 | Vaults:2 | Reached skill level 15 in Armour
 48203 | Vaults:2 | Noticed a dread lich
 48218 | Vaults:2 | Killed a dread lich
 49094 | Vaults:3 | You are sucked into a shaft and drop 1 floor!
 49105 | Vaults:4 | Identified the +0 tower shield of Waesouzu {Str+4} (Okawaru
                  | gifted it to you on level 4 of the Vaults)
 49105 | Vaults:4 | Received a gift from Okawaru
 49253 | Vaults:4 | Reached skill level 5 in Invocations
 49575 | Vaults:4 | Reached skill level 1 in Evocations
 49577 | Vaults:4 | Reached skill level 10 in Stealth
 50231 | Vaults:5 | Entered Level 5 of the Vaults
 50263 | Vaults:4 | Reached XP level 23. HP: 136/162 MP: 28/28
 50316 | Vaults:4 | Received a gift from Okawaru
 50374 | Vaults:5 | Noticed an ancient lich
 50453 | Vaults:5 | Identified the +8 chain mail of Soeskot {rElec rCorr SInv}
                  | (Okawaru gifted it to you on level 5 of the Vaults)
 50453 | Vaults:5 | Received a gift from Okawaru
 50494 | Vaults:5 | Killed an ancient lich
 50512 | Vaults:5 | Noticed a golden dragon
 50594 | Vaults:5 | Identified the ring "Sennuss" {rC+ rN+ rCorr Stlth+}
 51030 | Vaults:3 | Noticed Frederick
 51041 | Vaults:3 | Killed Frederick
 51063 | Vaults:3 | Identified the +1 ring mail of the Elven Halls {rElec rC-
                  | rCorr SInv} (Okawaru gifted it to you on level 3 of the
                  | Vaults)
 51063 | Vaults:3 | Received a gift from Okawaru
 51726 | Vaults:3 | Identified the +8 spear of Nightmares {speed, +Blink rCorr}
 51825 | Vaults:5 | Reached XP level 24. HP: 160/169 MP: 28/28
 52035 | Vaults:5 | Noticed a dread lich
 52046 | Vaults:5 | Killed a dread lich
 52089 | Vaults:5 | Identified the +5 hand axe of the Valley {protect, rCorr}
 52156 | Vaults:5 | Got the Elucidation of the Glacier
 52316 | Vaults:5 | Identified the +1 tower shield "Neucax" {Stlth+}
 52327 | Vaults:5 | Got the Compendium of Malignant Spells
 52331 | Vaults:5 | Got Qameolit's Catalogue of Translocation and the Xenotype
 52438 | Vaults:5 | Identified the ring of Compulsion {rPois rF+ rC- Will+}
 52452 | Vaults:5 | Got a silver rune of Zot
 52620 | Vaults:5 | Identified the +2 ring mail "Mopoxaz" {Dex+3}
 53085 | Crypt:1  | Entered Level 1 of the Crypt
 53738 | Temple   | Fell from the grace of Okawaru
 53738 | Temple   | Became a worshipper of the Shining One
 54007 | Depths:1 | Entered Level 1 of the Depths
 54108 | Depths:1 | Found a gateway to Hell.
 54179 | Depths:1 | Found a magical portal.
 54184 | WizLab   | Entered The Chambers of the Cloud Mage
 54225 | WizLab   | Reached * piety under the Shining One
 54296 | WizLab   | Paralysed by an air elemental for 1 turns
 54311 | WizLab   | Paralysed by an air elemental for 1 turns
 54393 | WizLab   | Paralysed by an air elemental for 1 turns
 54456 | WizLab   | Reached skill level 5 in Evocations
 54536 | WizLab   | Got Vusoida's Discursus on Anemomancy
 54614 | WizLab   | Paralysed by an air elemental for 1 turns
 55759 | Depths:1 | Reached ** piety under the Shining One
 56022 | Depths:1 | Found a one-way gate leading to the halls of Pandemonium.
 56413 | Depths:2 | Found Cich's Antique Weapon Emporium.
 56474 | Depths:2 | Found the brooch of Shielding {Spirit SH+8}
 56607 | Depths:2 | Reached *** piety under the Shining One
 56625 | Depths:2 | Found Kocsaidgh's Assorted Antiques.
 56659 | Depths:2 | Found Upneipp's Armour Shoppe.
 56660 | Depths:2 | Found Xaeg's Antique Weapon Emporium.
 56715 | Depths:2 | Reached XP level 25. HP: 174/178 MP: 29/29
 56802 | Depths:2 | Noticed a dread lich
 56812 | Depths:2 | Reached **** piety under the Shining One
 56815 | Depths:2 | Killed a dread lich
 56849 | Depths:2 | Identified the +7 chain mail "Koude" {Harm rElec}
 56881 | Depths:2 | Identified the staff of fire "Ukerorgh" {rF+ rC+}
 57045 | Depths:2 | Found a sacrificial altar of Ru.
 57142 | Depths:2 | Found Rileulau's Book Emporium.
 57684 | Depths:3 | Reached ***** piety under the Shining One
 58051 | Depths:3 | Reached skill level 16 in Armour
 58065 | Depths:3 | Learned a level 4 spell: Passage of Golubria
 58088 | Depths:3 | You are sucked into a shaft and drop 1 floor!
 58088 | Depths:4 | Entered Level 4 of the Depths
 58220 | Depths:4 | Reached skill level 1 in Spellcasting
 58425 | Depths:4 | Noticed Jory
 58430 | Depths:4 | Found a one-way gateway to a ziggurat.
 58440 | Depths:4 | Killed Jory
 58748 | Depths:4 | Identified the +1 falchion "Uplicak" {drain, Fragile Str+3
                  | Dex+6}
 58766 | Depths:4 | Reached skill level 17 in Armour
 58800 | Depths:4 | Found the +0 mask of the Dragon {Will+ Slay+3 SInv}
 58843 | Depths:4 | Reached skill level 18 in Armour
 59136 | Depths:4 | Was forgiven by Okawaru
 59178 | Depths:4 | Found a gate to the Realm of Zot.
 59753 | Hell     | Entered the Vestibule of Hell
 59753 | Hell     | Noticed Geryon
 59898 | Hell     | Reached ****** piety under the Shining One
 59905 | Depths:2 | Gained mutation: [You occasionally lose the ability to
                  | drink potions when taking damage.] [a cacodemon]
 59920 | Depths:2 | Reached XP level 26. HP: 184/184 MP: 29/29
 60030 | Depths:2 | Reached skill level 19 in Armour
 60173 | Hell     | Killed Geryon
 60272 | Hell     | Found a gateway to the freezing wastes of Cocytus.
 60281 | Coc:1    | Entered Level 1 of Cocytus
 60300 | Coc:1    | Reached skill level 20 in Armour
 60424 | Coc:3    | Noticed a shard shrike
 60425 | Coc:3    | Noticed a shard shrike
 60426 | Coc:3    | Noticed a shard shrike
 60427 | Coc:3    | Noticed a shard shrike
 60429 | Coc:3    | Noticed a shard shrike
 60502 | Coc:3    | Killed a shard shrike
 60504 | Coc:3    | Reached skill level 21 in Armour
 60505 | Coc:3    | Killed a shard shrike
 60506 | Coc:3    | Paralysed by a wendigo for 1 turns
 60514 | Coc:3    | Killed a shard shrike
 60515 | Coc:3    | Killed a shard shrike
 60517 | Coc:3    | Killed a shard shrike
 60518 | Coc:3    | Paralysed by a wendigo for 1 turns
 60613 | Coc:4    | Noticed a dread lich
 60620 | Coc:4    | Killed a dread lich
 60634 | Coc:4    | Reached skill level 22 in Armour
 60706 | Coc:5    | Noticed a shard shrike
 60708 | Coc:5    | Noticed a shard shrike
 60709 | Coc:5    | Noticed a shard shrike
 60713 | Coc:5    | Noticed a shard shrike
 60715 | Coc:5    | Killed a shard shrike
 60883 | Coc:4    | Reached skill level 23 in Armour
 61095 | Coc:5    | Killed a shard shrike
 61100 | Coc:5    | Killed a shard shrike
 61107 | Coc:5    | Killed a shard shrike
 61111 | Coc:5    | Reached XP level 27. HP: 166/190 MP: 29/29
 61196 | Coc:7    | Entered Level 7 of Cocytus
 61231 | Coc:7    | Reached skill level 24 in Armour
 61671 | Coc:7    | Paralysed by a wendigo for 1 turns
 61679 | Coc:7    | Paralysed by a wendigo for 1 turns
 61805 | Coc:7    | Reached skill level 25 in Armour
 62036 | Coc:7    | Paralysed by a wendigo for 1 turns
 62094 | Coc:7    | Got the Papyrus of Outbursts and the Lungs
 62097 | Coc:7    | Got the Discursus on Company
 62242 | Coc:7    | Paralysed by a wendigo for 1 turns
 62441 | Coc:7    | Noticed Antaeus
 62469 | Coc:7    | Killed Antaeus
 62470 | Coc:7    | Reached skill level 26 in Armour
 62504 | Coc:7    | Identified the ring of Sloth {Ice rPois}
 62513 | Coc:7    | Got an icy rune of Zot
 62743 | Coc:7    | Identified the +4 arbalest "Hydraslayer" {speed, rF+}
 63037 | Hell     | Found a gateway to the Iron City of Dis.
 63146 | Hell     | Found a gateway to the ashen valley of Gehenna.
 63245 | Hell     | Found a gateway to the decaying netherworld of Tartarus.
 63266 | Hell     | Reached skill level 27 in Armour
 63337 | Dis:1    | Entered Level 1 of the Iron City of Dis
 63670 | Orc:2    | Bought the +8 mithril axe "Arga" {speed, Will+} for 2454
                  | gold pieces
 63670 | Orc:2    | Found the +8 mithril axe "Arga" {speed, Will+}
 63678 | Orc:2    | Bought the +3 Mad Mage's Maulers {Infuse+∞ VampMP -Cast}
                  | for 1080 gold pieces
 63678 | Orc:2    | Found the +3 Mad Mage's Maulers {Infuse+∞ VampMP -Cast}
 66618 | Dis:3    | You are sucked into a shaft and drop 3 floors!
 66672 | Dis:7    | Entered Level 7 of the Iron City of Dis
 66675 | Dis:7    | Mangled by an iron golem

Illustrated notes

Levels and vault maps discovered:
D:1:      erik_arrival_orb_chamber, layout_loops_cross,
          shapermc_ecumenical_altar_venn, minmay_misc_feat_rugged,
          dk_noncrumbling_2
D:2:      layout_basic, uniq_jessica
D:3:      kennysheep_six_static_rooms, layout_loops_ring,
          gammafunk_temple_overflow_wave, kennysheep_generic_room_10
D:4:      kennysheep_spiral_hall, layout_basic, minmay_temple_entry_junction,
          hellmonk_ghost_happy_afterlife, gup_ossuary_entry_pyramid,
          serial_shops, shop, nicolae_lakefront_shop,
          nicolae_shop_getting_attention, shop, nicolae_shop_rolling_square
D:5:      layout_rooms, gup_sewer_entry_bowl, uniq_pikel
D:6:      layout_basic, cheibriados_altar_1, uniq_sigmund, uniq_eustachio
D:7:      layout_cave_pods
D:8:      layout_basic, serial_shops, shop, shop, shop, shop, shop,
          gammafunk_ghost_wrathful_warriors, uniq_maggie, uniq_gastronok,
          uniq_psyche, uniq_amaemon
D:9:      layout_basic, hex_tiny, minivault_16, uniq_grum
D:10:     layout_gridville, lair_entry_dummy, david_orc_1_choice,
          nicolae_sextant, uniq_erica
D:11:     layout_roguey, uniq_lodul
D:12:     hellmonk_destroyed_diamonds, layout_irregular_city,
          nicolae_nh_oracle_at_delphi
D:13:     layout_layer_cave, portal_ice_cave_entry_pillars_2
D:14:     kennysheep_blocky_hall, layout_basic, grunt_vaults_entry_tiered,
          chequers_serial_rivers_small_a, gammafunk_ghost_fury_of_okawaru
D:15:     hangedman_depths_entry_try_elsewhere_first, layout_loops_corners,
          minmay_misc_feat_five, gammafunk_ghost_mausoleum
Temple:   hellmonk_temple_of_storms
Lair:1:   layout_roguey
Lair:2:   layout_gridlike, guppyfry_snake_entry_island,
          grunt_forest_large_clearing_hut
Lair:3:   layout_concentric_octagons, elwin_shoals_entry_rocks,
          chequers_serial_rivers_micro_c, chequers_serial_rivers_large_a,
          uniq_nessos, uniq_fannar, uniq_urug
Lair:4:   layout_roguey, minmay_slime_entry_oklob_enclosed
Lair:5:   grunt_lair_end_beastmaster, layout_regular_city,
          nicolae_lair_liquid_snakes, serial_bayou_shore_a
Shoals:1: layout_shoals, nicolae_shoals_lost_giant_amphitheater,
          nicolae_shoals_abyss_on_the_beach
Shoals:2: layout_shoals, abandoned_shop, nicolae_shoals_kraken_party
Shoals:3: layout_shoals, serial_shops, bzr_in_the_mist,
          nicolae_shop_rolling_square, ebering_ghost_xom,
          nicolae_shoals_goliath_grotto
Shoals:4: shoals_end_grunt_ice, layout_shoals, nicolae_shoals_lost_giant_baths,
          nzn_prometheus_bound, uniq_polyphemus
Snake:1:  gammafunk_sealed_library, layout_layer_cave, uniq_frances,
          uniq_josephine
Snake:2:  layout_onion_interference, basic_altar, nicolae_shop_i_like_big_books
Snake:3:  kennysheep_snake, layout_concentric_octagons, st_stairs_14, uniq_mara
Snake:4:  snake_pit_salamanders_mu, layout_cave_town
Orc:1:    layout_caves, gammafunk_ghost_berserking_beasts,
          nicolae_orc_bridge_out
Orc:2:    st_orc_congregation, layout_diamond_mine, uniq_azrael
Elf:1:    layout_loops_corners, serial_co_window_serial, co_window_paths_a,
          co_window_corner_a, co_window_corner_a, co_window_paths_a,
          co_window_paths_a, co_window_of_opportunity_a, co_window_corner_a,
          co_window_unsneaky_path_c, co_window_corner_b, co_window_broadway_c,
          co_window_broadway_c, serial_shops, shop_statue,
          serial_sigils_hangedman_snap, amcnicky_mini_pool_small
Elf:2:    nicolae_elf_blades_splatter_lattice [mumra_blade_entry_bloodbath],
          layout_rooms
Elf:3:    minmay_elf_hall_x, layout_geoelf_diagonals,
          small_chamber_with_monster, hangedman_elven_pyramids
Vaults:1: nicolae_vaults_closet_pinwheel_5, nicolae_vaults_diffraction_hallways,
          nicolae_vaults_six-pack, ontoclasm_vaults_fault,
          nicolae_vaults_storage_closets_3, vaults_dpeg_cross,
          nicolae_vaults_network_quinsquares
          [nicolae_vaults_network_quincunx_subvault,
          nicolae_vaults_network_quincunx_subvault,
          nicolae_vaults_network_quincunx_subvault,
          nicolae_vaults_network_quincunx_subvault], v_misc_27,
          nicolae_vaults_big_ls, layout_vaults_maze, uniq_zenata
Vaults:2: blue_anna_dwarven_crypt, v_misc_33, v_misc_22,
          nicolae_vaults_shelves_hall, vaults_room_grunt_arrival_ludios,
          ontoclasm_vaults_shuriken, nicolae_vaults_double_plus_2,
          vaults_mumra_minichess, nicolae_vaults_little_squares_4,
          nicolae_vaults_security_offices_2, nicolae_vaults_closet_pinwheel_6,
          layout_vaults_quadrants, uniq_aizul, uniq_saint_roka
Vaults:3: vaults_dpeg_spiral, nicolae_vaults_double_plus_2,
          nicolae_vaults_weapon_check, v_misc_15, nicolae_vaults_double_plus_2,
          nicolae_vaults_more_shelving_1, vaults_standard_mumra_x, v_pattern_2,
          nicolae_vaults_cochlea, nicolae_vaults_alarming,
          nicolae_vaults_variable_pillar_hall, nicolae_vaults_what_the_h,
          layout_vaults_ring, uniq_frederick
Vaults:4: v_misc_25, vaults_room_pools, nicolae_vaults_asterisk,
          vaults_mumra_hexcomb, vaults_room_door_hall,
          nicolae_vaults_bisected_exclaves, nicolae_vaults_network_s, v_misc_8,
          nicolae_vaults_little_squares_2, vaults_room_corners,
          vaults_room_door_hall, v_misc_22, ontoclasm_vaults_ligature,
          vaults_room_ringed_pool, layout_vaults_big_room
Vaults:5: serial_shops
Crypt:1:  layout_misc_corridors
Depths:1: layout_gridlike, grunt_hell_entry_dis_mu, rand_demon_pan_entry_7,
          mu_enter_wizlab_2, minmay_misc_feat_encased, kennysheep_dice
Depths:2: cheibrodos_cascadia, layout_cave_pools, nicolae_ru_awakened_eye,
          rand_demon_pan_entry_1, serial_shops, nicolae_shop_just_a_little_nook,
          shop, shop_statue, shop, nicolae_shop_statue_plus, hell_entry,
          kennysheep_inner_square
Depths:3: minmay_split_circle, layout_basic, marbit_kobold_abyss_entry,
          hell_entry, pan_entry
Depths:4: lemuel_castle_with_subvaults [lemuel_castle_interior_carwin_3],
          layout_twisted_cross, enter_ziggurat_f, pan_entry,
          minmay_misc_feat_plants, hell_entry, serial_bayou_shore_b, uniq_jory
Hell
Dis:1:    layout_gridville
Dis:2:    layout_subdivisions
Dis:3:    layout_gridville, nicolae_dis_metal_lava_thing
Dis:6:    layout_subdivisions
Dis:7:    dis_st
Coc:1:    nicolae_coc_icebeans_plural [nicolae_sub_coc_subbean,
          nicolae_sub_coc_subbean, nicolae_sub_coc_subbean,
          nicolae_sub_coc_subbean], layout_ice_bergs
Coc:2:    layout_cocytus_delve
Coc:3:    nicolae_coc_on_the_berg
Coc:4:    layout_ice_bergs, special_room [special_room_morgue]
Coc:5:    nicolae_hells_giants_party, layout_ice_bergs
Coc:6:    layout_cocytus_delve
Coc:7:    coc_mu

Skill      XL: |  1  2  3  4  5  6  7  8  9 10 11 12 13 14 15 16 17 18 19 20 21 22 23 24 25 26 27 |
---------------+----------------------------------------------------------------------------------+-----
Axes           | 3 4 5 6 8 10 11 13 14 15 17 18 | 18.0
Dodging        | 1 3 4 6 7 8 10 11 12 14 18 19 20 21 23 | 23.0
Armour         | 4 5 6 8 9 10 11 12 13 14 15 18 23 27 | 27.0
Fighting       | 5 6 8 9 11 14 16 17 18 19 20 21 22 23 24 | 24.0
Stealth        | 3 5 6 7 8 9 10 11 12 | 12.1
Shields        | 4 7 9 12 15 17 18 19 21 22 | 22.7
Invocations    | 1 2 4 5 6 7 |  7.9
Evocations     | 1 3 5 6 |  6.0
Spellcasting   | 1 |  1.1
Throwing       | |  0.3
Translocations | |  0.3

Action                     |  1- 3 |  4- 6 |  7- 9 | 10-12 | 13-15 | 16-18 | 19-21 | 22-24 | 25-27 || total
---------------------------+-------+-------+-------+-------+-------+-------+-------+-------+-------++-------
  Melee: War axe           |    64 |   163 |   338 |   404 |       |       |       |       |       ||   969
         Kick              |    15 |    44 |   106 |   167 |   305 |   404 |   367 |   427 |  1072 ||  2907
         Peck              |     8 |    29 |    58 |   102 |   184 |   258 |   239 |   274 |   649 ||  1801
         Unarmed           |       |       |       |     7 |       |       |       |       |       ||     7
         Broad axe         |       |       |       |    82 |   843 |  1043 |  1102 |   997 |  1704 ||  5771
         Demon whip        |       |       |       |       |    29 |       |       |       |       ||    29
  Throw: Dart              |       |       |    10 |    19 |     1 |       |     1 |       |       ||    31
         Throwing net      |       |       |       |     2 |       |       |       |       |       ||     2
         Javelin           |       |       |       |       |     1 |       |       |       |       ||     1
 Invoke: Heroism           |       |       |       |     4 |     6 |     4 |     4 |     4 |       ||    22
         Finesse           |       |       |       |     1 |     1 |     1 |     1 |       |       ||     4
         Divine Shield     |       |       |       |       |       |       |       |       |    11 ||    11
         Summon Divine War |       |       |       |       |       |       |       |       |     4 ||     4
  Evoke: Wand              |       |       |       |     7 |     6 |     3 |     1 |     1 |       ||    18
    Use: Potion            |       |     6 |       |       |     6 |     1 |     1 |     1 |     1 ||    16
         Scroll            |       |     1 |       |    17 |    13 |     7 |     6 |     6 |     4 ||    54
   Stab: Held in net/web   |       |       |       |     1 |       |       |       |       |       ||     1
         Sleeping          |       |       |       |       |       |    15 |     3 |       |       ||    18
         Distracted        |       |       |       |       |       |     2 |     1 |       |       ||     3
         Petrified         |       |       |       |       |       |       |     1 |       |       ||     1
 Armour: Scale mail        |    25 |    34 |     6 |       |       |       |       |       |       ||    65
         Skin              |       |     6 |       |       |       |       |       |       |       ||     6
         Chain mail        |       |       |    45 |       |       |       |       |       |       ||    45
         Plate armour      |       |       |     8 |    21 |       |       |       |       |       ||    29
         Swamp dragon scal |       |       |       |    44 |   114 |       |       |       |       ||   158
         Fire dragon scale |       |       |       |       |    56 |   205 |   159 |       |       ||   420
         Crystal plate arm |       |       |       |       |       |       |   105 |   415 |   660 ||  1180
  Dodge: Dodged            |    18 |    74 |   131 |   232 |   544 |   433 |   496 |   508 |   911 ||  3347
  Block: Buckler           |    14 |    64 |   157 |   190 |   387 |   226 |       |       |       ||  1038
         Reflection        |       |       |     5 |    14 |    35 |   105 |     9 |       |       ||   168
         Tower shield      |       |       |       |       |       |   654 |  1175 |  1204 |  2176 ||  5209
